 Dungeon Crawl Stone Soup version 0.29.1-15-g9cfb28693d (webtiles) character file.

Game seed: 10328210257240404132

1 QwertyIsDirtey the Slasher (level 1, 0/20 HPs)
             Began as a Minotaur Berserker on Mar 24, 2023.
             Was a Follower of Trog.
             Slain by a hobgoblin (3 damage)
             ... on level 1 of the Dungeon.
             The game lasted 00:00:17 (50 turns).

QwertyIsDirtey the Slasher (Minotaur Berserker)       Turns: 50, Time: 00:00:18

Health: 0/20       AC:  2    Str: 21    XL:     1   Next: 16%
Magic:  0/0        EV: 12    Int:  4    God:    Trog [*.....]
Gold:   0          SH:  0    Dex:  9    Spells: 0/0 levels left

rFire   . . .      SeeInvis .   a - +0 falchion
rCold   . . .      Faith    .   (no shield)
rNeg    . . .      Spirit   .   b - +0 animal skin
rPois   .          Reflect  .   (helmet restricted)
rElec   .          Harm     .   (no cloak)
rCorr   .          Rampage  .   (no gloves)
Will    .....                   (no boots)
Stlth   +.........              (no amulet)
HPRegen 0.06/turn               (no ring)
MPRegen 0.07/turn               (no ring)

@: no status effects
A: horns 2, retaliatory headbutt
a: Renounce Religion, Berserk


You were on level 1 of the Dungeon.
You worshipped Trog.
Trog was aware of your devotion.
You visited 1 branch of the dungeon, and saw 1 of its levels.

Inventory:

Hand Weapons
 a - a +0 falchion (weapon)
Armour
 b - a +0 animal skin (worn)


   Skills:
 + Level 3.6 Fighting
 + Level 3.6 Long Blades
 + Level 2.4 Armour
 + Level 2.2 Dodging


You couldn't memorise any spells.
You didn't know any spells.
Your spell library was empty.

Dungeon Overview and Level Annotations

Branches:
Dungeon (1/15)

Altars:


Innate Abilities, Weirdness & Mutations

You have a pair of horns on your head.
You reflexively headbutt those who attack you in melee.


Message History

You headbutt the hobgoblin!
You kill the hobgoblin!
Trog accepts your kill.
You see here a hobgoblin corpse.
A kobold comes into view. It is wielding a +0 dagger.
The kobold shouts!
A frilled lizard comes into view.
Found a whip.
A hobgoblin and a frilled lizard come into view.
The hobgoblin shouts!
The frilled lizard hisses angrily.
The hobgoblin moves out of view.
A goblin comes into view. It is wielding a +0 club.
The kobold barely misses you. The kobold barely misses you.
The goblin shouts!
The kobold hits you with a +0 dagger. The kobold hits you with a +0 dagger.
The kobold completely misses you. You furiously retaliate!
You headbutt the kobold. The goblin hits you but does no damage.
The kobold hits you with a +0 dagger. The hobgoblin hits you.
The frilled lizard bites you but does no damage.
You closely miss the kobold. Your headbutt misses the kobold.
The kobold is moderately wounded.
The kobold closely misses you.
The frilled lizard hisses.
The frilled lizard barely misses you. You furiously retaliate!
You headbutt the frilled lizard. The goblin hits you with a +0 club.
The hobgoblin barely misses you. You furiously retaliate!
You headbutt the hobgoblin, but do no damage.
You closely miss the kobold.
You headbutt the kobold, but do no damage.
The kobold is moderately wounded.
The hobgoblin hits you but does no damage.
The kobold misses you. The goblin barely misses you.
The frilled lizard closely misses you. The frilled lizard bites you.
* * * LOW HITPOINT WARNING * * *
The goblin hits you with a +0 club.
* * * LOW HITPOINT WARNING * * *
The hobgoblin hits you.
You die...

#..## #..#
#..#####.##
#.#......####### #
#.#..>.†.........#
###..#.#######.#
#..#.##...)..##
#..#.##.......##
#...............
###.##.##@g.......
.........lKg.......
####.##.##.........
.. ....#......#..
#.....l..######## #
#........+
#........#
###.##..# #. #.


You could see a hobgoblin, a goblin, a kobold and a frilled lizard.

Vanquished Creatures
  A hobgoblin (D:1)
1 creature vanquished.

Notes
Turn   | Place    | Note
-------+----------+-------------------------------------------
     0 | D:1      | QwertyIsDirtey the Minotaur Berserker began the quest for
                  | the Orb.
     0 | D:1      | Reached XP level 1. HP: 19/19 MP: 0/0
    50 | D:1      | Slain by a hobgoblin

Illustrated notes

Levels and vault maps discovered:
D:1:      eino_arrival_cavern_b, layout_basic, nrook_mini_backslash

Action                   || total
-------------------------++-------
Melee: Falchion          ||     4
       Headbutt          ||     1
Armor: Animal skin       ||     3
Dodge: Dodged            ||    15
